 Dungeon Crawl Stone Soup version 0.20.0-1-g1cb1d84 (webtiles) character file.

31364 DevlanMud the Basher (level 13, -5/66 HPs)
             Began as a Gargoyle Wanderer on May 26, 2017.
             Was the Champion of the Shining One.
             Killed by divine providence
             ... invoked by a smoke demon
              (14 damage)
             ... on level 2 of the Abyss.
             The game lasted 01:02:01 (17679 turns).

DevlanMud the Basher (Gargoyle Wanderer)           Turns: 17679, Time: 01:02:03

Health: -5/66      AC: 24    Str: 22    XL:     13   Next: 57%
Magic:  20/20      EV:  8    Int: 14    God:    the Shining One [******]
Gold:   1465       SH: 12    Dex: 11    Spells: 12/12 levels left

rFire    . . .     SeeInvis .   b - +1 flail (holy)
rCold    . . .     Gourm    .   g - +0 shield
rNeg     + + +     Faith    +   t - +2 chain mail {MR+}
rPois    ∞         Spirit   .   (no helmet)
rElec    +         Reflect  .   w - +1 cloak
rCorr    .         Harm     .   y - +2 pair of gloves of Distant Shores {*Corrode Str+4}
MR       +....                  (no boots)
Stlth    ..........             k - amulet of faith
Regen    0.3/turn               u - ring of flight
MPRegen  0.2/turn               (no ring)

@: about to teleport, glowing
A: [blurry vision 2], [deformed body], [frail 2], negative energy resistance 1,
electricity resistance, unbreathing, petrification resistance, rot immunity,
subdued magic 1, AC +9
a: Divine Shield, Cleansing Flame, Summon Divine Warrior, Brand Weapon With Holy
Wrath, Renounce Religion, Evoke Flight


You were on level 2 of the Abyss.
You worshipped the Shining One.
The Shining One was exalted by your worship.
You were not hungry.

You visited 2 branches of the dungeon, and saw 13 of its levels.
You visited the Abyss 1 time.
You also visited: Bailey and Ice Cave.

You collected 1465 gold pieces.

Inventory:

Hand Weapons
 a - a +2 hand crossbow
 b - a +1 flail of holy wrath (weapon)
 M - a +4 flail
Missiles
 o - 38 bolts
Armour
 g - a +0 shield (worn)
 t - a +2 chain mail of magic resistance (worn)
 w - a +1 cloak (worn)
 y - the +2 pair of gloves of Distant Shores (worn) {*Corrode Str+4}
   (You found it on level 3 of the Lair of Beasts)

   It affects your strength (+4).
   It may corrode you when you take damage.
Jewellery
 j - the ring of Rabb {rF+ rC- rN++ Str+2}
   (You found it in an ice cave)

   [ring of protection from fire]

   It affects your strength (+2).
   It protects you from fire.
   It makes you vulnerable to cold.
   It greatly protects you from negative energy.
 k - an amulet of faith (around neck)
 u - a ring of flight (left hand)
 E - an uncursed ring of ice
Wands
 m - a wand of scattershot (0/9)
 n - a wand of acid (12/15)
 v - a wand of flame (22/48)
 L - a wand of digging (9/24)
Scrolls
 c - 2 scrolls of blinking
 i - 3 scrolls of fog
 l - 7 scrolls of identify
 p - a scroll of fear
 q - 3 scrolls of teleportation
 z - 7 scrolls of remove curse
 H - a scroll of recharging
Potions
 d - a potion of might
 h - 2 potions of haste
 A - a potion of flight {unknown}
 C - a potion of berserk rage
 I - a potion of agility
 K - 3 potions of cancellation
 N - a potion of heal wounds
Books
 B - a book of Conjurations

   Spells                             Type                      Level
   a - Magic Dart                     Conjuration                  1
   b - Searing Ray                    Conjuration                  2
   c - Dazzling Spray                 Conjuration/Hexes            3
   d - Fulminant Prism                Conjuration/Hexes            4
   e - Force Lance                    Conjuration/Translocation    4
   f - Iskenderun's Mystic Blast      Conjuration                  4
Comestibles
 f - 13 bread rations
 s - 6 meat rations
 x - 12 fruits


   Skills:
 + Level 10.7 Fighting
   Level 1.0(7.8) Axes
 + Level 13.0 Maces & Flails
 - Level 2.0 Crossbows
 - Level 1.0 Throwing
 + Level 10.3 Armour
 - Level 1.1 Dodging
 + Level 10.9 Shields
 + Level 9.7 Invocations
 - Level 2.0 Evocations


You had 12 spell levels left.
You didn't know any spells.

Dungeon Overview and Level Annotations

Branches:
Dungeon (10/15)            Temple (0/1) D:6            Lair (3/6) D:10
    Orc (0/2) D:10
  Swamp: Lair:2-4    Shoals: Lair:2-4     Snake: Lair:2-4    Spider: Lair:2-4

Altars:
Kikubaaqudgha
Makhleb
Qazlal
Uskayaw
Vehumet
The Shining One

Shops:
D:4 :   D:6 [

Annotations:
Lair:3 Sonja


Innate Abilities, Weirdness & Mutations

You are resistant to torment.
Your stone body is resilient. (AC +9)
You are immune to poison.
You resist negative energy. (rN+)
You are resistant to electric shocks. (rElec)
You can survive without breathing.
You are immune to petrification.
You are immune to rotting.
Your spells are a little easier to cast, but a little less powerful.
[Scrolls take you longer to read.]
[Armour fits poorly on your strangely shaped body.]
[You are very frail. (-20% HP)]


Message History

The raiju bursts into living lightning!
The living lightning hits the raiju.
The raiju completely resists.
The living lightning misses you.
The raiju blinks!
The raiju bites you but does no damage.
You block the red very ugly thing's attack.
A raiju comes into view.
The raiju barks!
A raiju comes into view.
You closely miss the raiju.
The wretched star pulses with an eldritch light!
You feel frail. x2
The raiju bites you but does no damage.
You hit the raiju but do no damage. You block the raiju's attack.
The raiju barely misses you.
The red very ugly thing bites you but does no damage.
The tormentor says, "I will show you what pain is."
You block the raiju's attack. The smoke demon gestures at you.
Something smites you!
You die...

### .
#.....#.# #.§#
. # # ##..#
.#h # .u #
#.##.......#..
. .. #
##.#.###...##§
. ## ##
##....#. .
#.###.. .
.##...u
.....#.. ..# #
. #####.#
##X2#h.##
..♣.... #..
.###hu§h.##
.#... ....
##3#@h##...#
...##....
#.##h#..##.#
## ##.. ..###.
.*. .§# ......
. . .3... #..
....... .
#....§# .# . .
.## ..§.#. # .
... #...#..
#... ..#


You could see a red very ugly thing, a wretched star, a large abomination, a
smoke demon, a tormentor and 5 raiju.

Vanquished Creatures
  A tentacled starspawn (Abyss:2)
  A reaper (IceCv)
  The ghost of holmedog the Carver, a journeyman MiFi of Nemelex Xobeh (Bailey)
  A two-headed ogre (D:10)
  8 death yaks
  Pikel (D:6)
  3 orc knights (Bailey)
  Maurice (D:10)
  3 elephants (Lair:2)
  2 ice statues (IceCv)
  2 spiny frogs
  A gargoyle (D:10)
  A centaur skeleton (D:7)
  A komodo dragon (Lair:3)
  11 ice devils
  4 ancient zymes (Abyss:2)
  The ghost of tsuxds the Skirmisher, an amateur MiMo (D:7)
  A hornet (D:10)
  6 hippogriffs
  A raiju (Abyss:2)
  6 blink frogs (Lair:3)
  6 yaks
  2 wraiths
  A wyvern (D:9)
  2 large abominations (Abyss:2)
  A neqoxec (Abyss:2)
  A hungry ghost (D:8)
  5 porcupines
  7 water moccasins
  3 ice beasts
  15 orc warriors
  3 black bears
  A hornet zombie (D:9)
  2 phantoms
  8 ogres
  4 centaurs
  3 crocodiles
  3 big kobolds
  8 bullfrogs
  An elf skeleton (D:7)
  3 small abominations (Abyss:2)
  A water moccasin zombie (D:6)
  9 scorpions
  24 wights
  3 bullfrog zombies
  2 crimson imps
  2 quasits
  5 hounds
  8 orc priests
  7 jellies
  A bullfrog skeleton (D:5)
  6 human zombies (D:7)
  Crazy Yiuf (D:7)
  11 orc wizards
  A hell rat (D:9)
  9 worker ants
  A human skeleton (D:7)
  A killer bee zombie (D:7)
  2 hound skeletons
  A worker ant zombie (D:6)
  10 adders
  3 gnolls (D:4)
  5 shadow imps
  7 white imps (IceCv)
  5 ufetubi
  An ooze (D:1)
  An adder skeleton (D:4)
  A worm (D:2)
  3 dart slugs
  6 leopard geckos
  53 orcs
  8 bats
  6 giant cockroaches
  6 goblins
  8 hobgoblins
  24 kobolds
  7 quokkas
  5 frilled lizards
  2 orc zombies (D:7)
  6 rats
  A starspawn tentacle (Abyss:2)
399 creatures vanquished.

Vanquished Creatures (others)
  A slave (D:6)
  4 wights (D:6)
  4 white imps (IceCv)
  5 ufetubi (IceCv)
  6 starspawn tentacles (Abyss:2)
20 creatures vanquished.

Grand Total: 419 creatures vanquished

Notes
Turn   | Place    | Note
-------+----------+-------------------------------------------
     0 | D:1      | DevlanMud the Gargoyle Wanderer began the quest for the Orb.
     0 | D:1      | DevlanMud set off with: a +2 hand crossbow, 29 bolts, a +0 ring mail, a potion of lignification, a bread ration
     0 | D:1      | Reached XP level 1. HP: 12/12 MP: 1/1
   123 | D:1      | Reached XP level 2. HP: 16/16 MP: 2/2
   705 | D:2      | Reached XP level 3. HP: 7/21 MP: 3/3
   735 | D:2      | Reached skill level 1 in Maces & Flails
  1083 | D:2      | Found a hide-covered altar of Uskayaw.
  1127 | D:2      | Noticed a dagger
  1127 | D:2      | Noticed a dagger
  1327 | D:2      | Reached XP level 4. HP: 14/26 MP: 4/4
  1899 | D:3      | Reached skill level 2 in Maces & Flails
  2440 | D:3      | Reached XP level 5. HP: 26/31 MP: 5/5
  2883 | D:4      | Reached skill level 3 in Maces & Flails
  3125 | D:4      | Found Rekempif's Book Boutique.
  3189 | D:4      | Noticed an ogre
  3195 | D:4      | Killed an ogre
  3195 | D:4      | Reached XP level 6. HP: 37/37 MP: 6/6
  3423 | D:4      | Reached skill level 4 in Maces & Flails
  3897 | D:4      | Reached XP level 7. HP: 27/42 MP: 7/7
  4119 | D:4      | Reached skill level 5 in Maces & Flails
  4881 | D:5      | Entered Level 5 of the Dungeon
  5139 | D:5      | Reached skill level 6 in Maces & Flails
  5265 | D:5      | Reached XP level 8. HP: 44/48 MP: 8/8
  5433 | D:5      | Reached skill level 5 in Shields
  5727 | D:5      | Found a radiant altar of Vehumet.
  5730 | D:5      | Found a glowing golden altar of the Shining One.
  5737 | D:5      | Found a stormy altar of Qazlal.
  5743 | D:5      | Became a worshipper of the Shining One
  5910 | D:6      | Reached skill level 7 in Maces & Flails
  5910 | D:6      | Reached skill level 1 in Invocations
  5997 | D:6      | Found a staircase to the Ecumenical Temple.
  6831 | D:6      | Noticed Pikel
  6840 | D:6      | Reached XP level 9. HP: 49/53 MP: 10/10
  6847 | D:6      | Killed Pikel
  6847 | D:6      | Reached skill level 5 in Fighting
  6847 | D:6      | Reached skill level 8 in Maces & Flails
  6944 | D:6      | Found Kecvozet's Antique Armour Shoppe.
  7228 | D:7      | Noticed tsuxds's ghost (amateur MiMo)
  7229 | D:7      | Reached * piety under the Shining One
  7312 | D:7      | Killed tsuxds's ghost
  8356 | D:7      | Reached XP level 10. HP: 51/60 MP: 13/13
  8379 | D:7      | Reached skill level 9 in Maces & Flails
  8493 | D:7      | Found an ancient bone altar of Kikubaaqudgha.
  8523 | D:7      | Reached ** piety under the Shining One
  8688 | D:7      | Found a burning altar of Makhleb.
  8787 | D:7      | Found a runed door.
  8791 | D:7      | Noticed Crazy Yiuf
  8796 | D:7      | Killed Crazy Yiuf
  8863 | D:7      | Reached *** piety under the Shining One
  9142 | D:8      | Reached skill level 5 in Invocations
  9970 | D:9      | Reached skill level 10 in Maces & Flails
 10028 | D:9      | Found a flagged portal.
 10065 | Bailey   | Entered a bailey
 10065 | Bailey   | Noticed an orc knight
 10065 | Bailey   | Noticed an orc knight
 10066 | Bailey   | Reached **** piety under the Shining One
 10066 | Bailey   | Noticed an orc knight
 10080 | Bailey   | Noticed holmedog's ghost (journeyman MiFi)
 10159 | Bailey   | Killed holmedog's ghost
 10159 | Bailey   | Reached XP level 11. HP: 28/67 MP: 15/15
 10436 | Bailey   | Killed an orc knight
 10480 | Bailey   | Killed an orc knight
 10481 | Bailey   | Killed an orc knight
 10778 | D:9      | Reached skill level 11 in Maces & Flails
 11145 | D:10     | Entered Level 10 of the Dungeon
 11193 | D:10     | Identified the +4 flail of Eternal Vigilance {drain, MR+ Str+3} (You found it on level 10 of the Dungeon)
 11281 | D:10     | Reached ***** piety under the Shining One
 11386 | D:10     | Noticed a death yak
 11387 | D:10     | Noticed a death yak
 11428 | D:9      | Killed a death yak
 11595 | D:10     | Noticed a death yak
 11632 | D:9      | Killed a death yak
 11824 | D:9      | Killed a death yak
 11824 | D:9      | Reached skill level 1 in Dodging
 12180 | D:10     | Reached XP level 12. HP: 75/75 MP: 17/17
 12186 | D:10     | Found a staircase to the Lair.
 12527 | D:10     | Noticed a two-headed ogre
 12534 | D:10     | Killed a two-headed ogre
 12534 | D:10     | Reached skill level 1 in Evocations
 12551 | D:10     | Reached skill level 12 in Maces & Flails
 12949 | D:10     | Noticed Maurice
 12973 | D:10     | Killed Maurice
 13071 | D:10     | Found a staircase to the Orcish Mines.
 13151 | Lair:1   | Entered Level 1 of the Lair of Beasts
 14165 | Lair:2   | Noticed a death yak
 14191 | Lair:2   | Killed a death yak
 14208 | Lair:2   | Noticed a death yak
 14209 | Lair:2   | Noticed a death yak
 14209 | Lair:2   | Noticed a death yak
 14216 | Lair:2   | Noticed a death yak
 14226 | Lair:2   | Killed a death yak
 14234 | Lair:2   | Killed a death yak
 14242 | Lair:2   | Killed a death yak
 14266 | Lair:2   | Killed a death yak
 14357 | Lair:2   | Reached skill level 10 in Shields
 15111 | Lair:3   | Identified the +2 pair of gloves of Distant Shores {*Corrode Str+4} (You found it on level 3 of the Lair of Beasts)
 15185 | Lair:3   | Found a frozen archway.
 15201 | Lair:3   | Reached XP level 13. HP: 51/82 MP: 16/19
 15365 | IceCv    | Entered an ice cave
 15431 | IceCv    | Reached skill level 10 in Fighting
 15948 | IceCv    | Reached skill level 10 in Armour
 16130 | IceCv    | Noticed a reaper
 16152 | IceCv    | Killed a reaper
 16357 | IceCv    | Got a vibrating pewter ring
 16358 | IceCv    | Identified the ring of Rabb {rF+ rC- rN++ Str+2} (You found it in an ice cave)
 16961 | Lair:3   | Noticed Sonja
 16968 | Lair:3   | Cast into level 2 of the Abyss (Sonja)
 16968 | Abyss:2  | Found a corrupted altar of Lugonu.
 16998 | Abyss:2  | Found a corrupted altar of Lugonu.
 17093 | Abyss:2  | Gained mutation: Your spells are a little easier to cast, but a little less powerful. [a neqoxec]
 17378 | Abyss:2  | Noticed a green death
 17452 | Abyss:2  | Noticed a tentacled starspawn
 17593 | Abyss:2  | Killed a tentacled starspawn
 17593 | Abyss:2  | Reached skill level 13 in Maces & Flails
 17649 | Abyss:2  | Noticed a red very ugly thing
 17664 | Abyss:2  | Reached ****** piety under the Shining One
 17679 | Abyss:2  | Killed from afar by a smoke demon

Skill      XL: |  1  2  3  4  5  6  7  8  9 10 11 12 13 |
---------------+----------------------------------------+-----
Crossbows      | 2 |  2.0
Maces & Flails | 1 2 3 4 6 7 8 10 11 12 13 | 13.0
Fighting       | 2 3 4 6 7 8 9 10 | 10.7
Shields        | 2 3 4 5 6 7 9 10 | 10.9
Invocations    | 2 4 6 7 8 9 |  9.7
Armour         | 6 7 8 9 10 | 10.3
Dodging        | 1 |  1.1
Evocations     | 2 |  2.0
Axes           | |  1.0
Throwing       | |  1.0

Action                   |  1- 3 |  4- 6 |  7- 9 | 10-12 | 13-15 || total
-------------------------+-------+-------+-------+-------+-------++-------
Melee: Whip              |   121 |    72 |       |       |       ||   193
       Flail             |       |   267 |   420 |   983 |   377 ||  2047
 Fire: Hand crossbow     |    25 |    20 |    29 |    40 |       ||   114
       Arbalest          |       |       |       |    32 |       ||    32
Invok: Divine Shield     |       |       |       |    15 |     6 ||    21
Evoke: Wand              |       |       |     2 |    11 |     1 ||    14
  Use: Scroll            |     4 |     2 |     1 |    17 |     3 ||    27
       Potion            |       |     2 |     3 |     6 |     4 ||    15
  Eat: Chunk             |     1 |     9 |    10 |    21 |       ||    41
       Royal jelly       |       |       |     2 |     3 |     1 ||     6
       Fruit             |       |       |     1 |       |       ||     1
       Meat ration       |       |       |       |       |     2 ||     2
Armor: Ring mail         |   100 |    42 |       |       |       ||   142
       Chain mail        |       |   169 |   223 |   231 |   186 ||   809
       Plate armour      |       |       |    68 |   211 |       ||   279
Dodge: Dodged            |    58 |    68 |    75 |   159 |    87 ||   447
Block: Shield            |    71 |    96 |   220 |   638 |   223 ||  1248
       Buckler           |       |    18 |     6 |       |       ||    24
